 Dungeon Sprint DCSS version 0.28-a0-514-g0d7ab7f379 (webtiles) character file.

Game seed: 11174083409052020643

2002 SkeletonJelly the Carver (level 9, -3/89 HPs)
             Began as a Pale Draconian Fighter on Sept 23, 2021.
             Was a Priest of Okawaru.
             Shot with an arrow by a centaur warrior (23 damage)
             ... in the Dungeon (Sprint IX: "|||||||||||||||||||||||||||||").
             The game lasted 00:04:14 (481 turns).

SkeletonJelly the Carver (Pale Draconian Fighter)    Turns: 481, Time: 00:04:15

Health: -3/89      AC:  9    Str: 21    XL:     9   Next: 2%
Magic:  9/12       EV: 18    Int: 10    God:    Okawaru [***...]
Gold:   0          SH:  5    Dex: 13    Spells: 8/8 levels left

rFire   . . .      SeeInvis .   m - +2 scimitar (flame)
rCold   . . .      Faith    .   b - +0 buckler
rNeg    . . .      Spirit   .   (armour unavailable)
rPois   .          Reflect  .   (helmet restricted)
rElec   .          Harm     .   (no cloak)
rCorr   .          Rampage  .   n - +0 pair of gloves
Will    .....      NoTele   +   o - +0 pair of boots
Stlth   +.........              (no amulet)
HPRegen 0.24/turn               p - +3 ring of dexterity
MPRegen 0.13/turn               q - +2 ring of evasion

@: short of breath
A: breathe steam, AC +7, unfitting armour, cold-blooded, steam resistance
a: Breathe Steam, Renounce Religion, Heroism


You were in the Dungeon.
You worshipped Okawaru.
Okawaru was most pleased with you.
You visited 1 branch

Inventory:

Hand Weapons
 a - a +0 long sword
 l - a +2 rapier of venom
 m - a +2 scimitar of flaming (weapon)
Armour
 b - a +0 buckler (worn)
 n - a +0 pair of gloves (worn)
 o - a +0 pair of boots (worn)
Jewellery
 p - a +3 ring of dexterity (left hand)
 q - a +2 ring of evasion (right hand)
Wands
 k - a wand of acid (6)
Scrolls
 i - 2 scrolls of blinking
 j - 2 scrolls of amnesia
Potions
 c - a potion of might
 d - 5 potions of curing
 e - 3 potions of heal wounds
 f - a potion of haste
 g - 4 potions of magic
 h - a potion of invisibility


   Skills:
 + Level 11.3 Fighting
 * Level 13.9 Long Blades
 + Level 9.5 Dodging
 - Level 4.0 Shields
 + Level 5.0 Invocations


You had 8 spell levels left.
You didn't know any spells.
Your spell library was empty.

Dungeon Overview and Level Annotations

Branches:
Dungeon (1/1)

Altars:
Cheibriados
Dithmenos
Elyvilon
Fedhas
Gozag
Hepliaklqana
Kikubaaqudgha
Makhleb
Nemelex Xobeh
Okawaru
Qazlal
Ru
Sif Muna
Trog
Uskayaw
Vehumet
Wu Jian
Xom
Yredelemnul
Zin
The Shining One
Beogh
Jiyva
Lugonu


Innate Abilities, Weirdness & Mutations

You can breathe blasts of scalding, opaque steam.
Your pale cyan-grey scales are hard. (AC +7)
You cannot fit into any form of body armour.
You are cold-blooded and may be slowed by cold attacks.
You are immune to the effects of steam.


Message History

Your Dodging skill increases to level 8!
You take 9 damage, and have 6/71 hp.
The orc warrior is engulfed in a cloud of scalding steam.
You kill the orc warrior!
Okawaru accepts your kill.
Your Fighting skill increases to level 10!
You close the door.
You have got your breath back.
You open the door.
There is an open door to the Dungeon here.
Things that are here:
a +0 halberd of protection; a +0 plate armour Health restored: 72
Things that are here:
a +0 shortbow; 12 arrows; a centaur skeleton
Things that are here:
a +1 vorpal spear; a +0 scale mail; a gnoll skeleton Unknown command.
Unknown command.
You open the door.
A hydra, a vampire mosquito, 2 centaurs, a two-headed ogre and a troll come into view.
The troll shouts!
The two-headed ogre shouts in stereo!
The four-headed hydra roars!
The centaur shouts!
Press: ? - help, Shift-Dir - straight line, f - centaur
Aim: a centaur, quivering arrows You exhale a blast of scalding steam.
The ball of steam hits the centaur!
The centaur is heavily wounded.
The centaur wields a +0 shortbow.
The centaur shoots an arrow.
The arrow hits you.
The centaur is engulfed in a cloud of scalding steam.
The centaur shoots an arrow.
The arrow hits you.
You take 11 damage, and have 61/72 hp.
The centaur is engulfed in a cloud of scalding steam.
The vampire mosquito is engulfed in a cloud of scalding steam.
The centaur is engulfed in a cloud of scalding steam.
The centaur shoots an arrow.
The arrow hits you!
The vampire mosquito is engulfed in a cloud of scalding steam.
The centaur is engulfed in a cloud of scalding steam.
You kill the centaur!
Okawaru accepts your kill.
Your Invocations skill increases to level 1!
You have reached level 8!
You feel clever.
You take 8 damage, and have 53/79 hp.
MP restored: 8 The vampire mosquito is engulfed in a cloud of scalding steam. x2
Things that are here:
a +1 vorpal spear; a +0 scale mail; a gnoll skeleton The troll is engulfed in a cloud of scalding steam.
Things that are here:
a +0 shortbow; 12 arrows; a centaur skeleton
Things that are here:
a +0 halberd of protection; a +0 plate armour You slice the vampire mosquito!!
You burn the vampire mosquito.
You destroy the vampire mosquito!
Okawaru accepts your kill.
Your Invocations skill increases to level 2!
You can't do that yet.
There is an open door to the Dungeon here.
You have got your breath back.
Press: ? - help, Shift-Dir - straight line, f - four-headed hydra
Aim: a four-headed hydra (moderately wounded)
You exhale a blast of scalding steam.
Okawaru accepts your kill.
You feel a bit more experienced.
Your Long Blades skill increases to level 13!
Your Invocations skill increases to level 3!
You see here a +1 chain mail.
The four-headed hydra is engulfed in a cloud of scalding steam.
You lop one of the four-headed hydra's heads off!
The flame cauterises the wound!
You hit the three-headed hydra. You burn the three-headed hydra.
You tail-slap the three-headed hydra.
The three-headed hydra is almost dead.
The three-headed hydra bites you!
The three-headed hydra bites you but does no damage.
The three-headed hydra misses you.
You take 11 damage, and have 46/81 hp.
You lop one of the three-headed hydra's heads off!
The flame cauterises the wound!
You slice the two-headed hydra!! You burn the two-headed hydra.
You kill the two-headed hydra!
Okawaru is honoured by your kill.
Okawaru will now gift you ammunition as you gain piety.
The centaur warrior wields a +0 longbow.
The centaur warrior shoots an arrow.
The arrow closely misses you.
Your Fighting skill increases to level 11!
Your Dodging skill increases to level 9!
Your Invocations skill gained 2 levels and is now at level 5!
You have reached level 9!
Your experience leads to an increase in your attributes!
Your base attributes are Str 20, Int 10, Dex 10.
Increase (S)trength, (I)ntelligence, or (D)exterity?
You feel stronger.
Your scales feel tougher.
You regained 4 hp, and now have 50/89 hp.
You can't do that yet.
Unknown command.
The centaur warrior shoots an arrow.
The arrow hits you!!
* * * LOW HITPOINT WARNING * * *
The centaur warrior shoots an arrow.
The arrow hits you!!
You die... ▓▓▓▓▓▓▓▓▓▓▓▓▓▓▓▓▓▓▓▓▓▓▓▓▓▓▓▓▓▓▓▓▓ _________'..)...@.cO))[.c.c.§§DcO ▓▓▓▓▓▓▓▓▓▓▓▓▓▓▓▓▓▓▓▓▓▓▓▓▓▓▓▓▓▓▓▓▓

You could see a centaur warrior and a two-headed ogre.

Vanquished Creatures
  A hydra (D)
  3 trolls (D)
  A wyvern (D)
  A vampire mosquito (D)
  An orc warrior (D)
  An ogre (D)
  2 centaurs (D)
  A gnoll sergeant (D)
  A gnoll shaman (D)
  A hound (D)
  An iguana (D)
  An orc wizard (D)
  An endoplasm (D)
  A giant cockroach (D)
  A hobgoblin (D)
  A ball python (D)
  A frilled lizard (D)
20 creatures vanquished.

Notes
Turn   | Place    | Note
-------+----------+-------------------------------------------
     0 | D        | SkeletonJelly the Draconian Fighter began the quest for the
                  | Orb.
     0 | D        | Reached XP level 1. HP: 19/19 MP: 1/1
    55 | D        | Noticed a gnoll shaman
    55 | D        | Noticed a hound
    55 | D        | Noticed an orc wizard
    55 | D        | Noticed an ogre
    55 | D        | Noticed an iguana
    60 | D        | Killed a gnoll shaman
    61 | D        | Reached skill level 4 in Long Blades
    61 | D        | Reached XP level 2. HP: 28/28 MP: 2/2
    61 | D        | Reached XP level 3. HP: 34/34 MP: 3/3
    66 | D        | Reached skill level 5 in Fighting
    66 | D        | Reached skill level 5 in Long Blades
    69 | D        | Reached XP level 4. HP: 42/42 MP: 4/4
    72 | D        | Killed an ogre
    73 | D        | Reached skill level 7 in Long Blades
    73 | D        | Reached skill level 5 in Dodging
    73 | D        | Reached XP level 5. HP: 39/51 MP: 5/5
    80 | D        | Reached skill level 8 in Long Blades
    90 | D        | Found a snail-covered altar of Cheibriados.
    90 | D        | Found a shadowy altar of Dithmenos.
    90 | D        | Found a white marble altar of Elyvilon.
    90 | D        | Found a blossoming altar of Fedhas.
    90 | D        | Found an opulent altar of Gozag.
    91 | D        | Found a hazy altar of Hepliaklqana.
    92 | D        | Found a viscous altar of Jiyva.
    93 | D        | Found an ancient bone altar of Kikubaaqudgha.
    94 | D        | Found a corrupted altar of Lugonu.
    95 | D        | Found a burning altar of Makhleb.
    96 | D        | Found a sparkling altar of Nemelex Xobeh.
    97 | D        | Found an iron altar of Okawaru.
    98 | D        | Found a stormy altar of Qazlal.
    99 | D        | Found a sacrificial altar of Ru.
   100 | D        | Found a shimmering blue altar of Sif Muna.
   101 | D        | Found a bloodstained altar of Trog.
   102 | D        | Found a hide-covered altar of Uskayaw.
   103 | D        | Found a radiant altar of Vehumet.
   104 | D        | Found an ornate altar of the Wu Jian Council.
   105 | D        | Became a worshipper of Warmaster Okawaru
   106 | D        | Found a shimmering altar of Xom.
   107 | D        | Found a basalt altar of Yredelemnul.
   108 | D        | Found a glowing silver altar of Zin.
   109 | D        | Found a glowing golden altar of the Shining One.
   149 | D        | Noticed a wyvern
   149 | D        | Noticed an orc warrior
   149 | D        | Noticed a centaur
   149 | D        | Noticed a troll
   149 | D        | Noticed a troll
   151 | D        | Killed a centaur
   152 | D        | Reached XP level 6. HP: 26/60 MP: 6/6
   152 | D        | Killed a troll
   153 | D        | Reached skill level 10 in Long Blades
   153 | D        | Killed a wyvern
   153 | D        | Reached * piety under Okawaru
   154 | D        | Reached skill level 11 in Long Blades
   154 | D        | Your scales start taking on a pale cyan-grey colour.
   154 | D        | Reached XP level 7. HP: 15/70 MP: 7/7
   154 | D        | Gained mutation: You are immune to the effects of steam.
                  | [Pale Draconian growth]
   154 | D        | Killed a troll
   155 | D        | Reached skill level 12 in Long Blades
   156 | D        | Reached skill level 10 in Fighting
   461 | D        | Noticed a vampire mosquito
   461 | D        | Noticed a troll
   461 | D        | Noticed a four-headed hydra
   461 | D        | Noticed a centaur warrior
   461 | D        | Noticed a two-headed ogre
   464 | D        | Reached ** piety under Okawaru
   465 | D        | Reached skill level 1 in Invocations
   465 | D        | Reached XP level 8. HP: 53/79 MP: 8/8
   472 | D        | Killed a troll
   473 | D        | Reached skill level 13 in Long Blades
   479 | D        | Killed a two-headed hydra
   479 | D        | Reached *** piety under Okawaru
   480 | D        | Reached skill level 5 in Invocations
   480 | D        | Reached XP level 9. HP: 50/89 MP: 9/12
   481 | D        | Shot with an arrow by a centaur warrior

Illustrated notes

Levels and vault maps discovered:
D:        linesprint [early_d, line_temple, items_1, d_10, items_2, lair_1,
          lair_end, items_3, orc_1, orc_end, items_4, d_15, swamp_1, shoals_1,
          snake_1, spider_1, d_20, vaults_1, items_5, swamp_end, shoals_end,
          snake_end, spider_end, vaults_end, d_27, items_6, zot_1, zot_end,
          crypt_end, forest_end, elf_end, slime_end, tomb_end, abyss_end,
          pan_hell_end]

Skill      XL: |  1  2  3  4  5  6  7  8 |
---------------+-------------------------+-----
Dodging        | 3 4 5 6 7 8 9 |  9.5
Fighting       | 4 5 6 7 9 10 11 | 11.3
Long Blades    | 4 5 7 8 11 12 13 | 13.9
Shields        | 4 |  4.0
Invocations    | 1 5 |  5.0

Action                   |  1- 3 |  4- 6 |  7- 9 || total
-------------------------+-------+-------+-------++-------
Melee: Long sword        |    20 |    10 |       ||    30
       Tailslap          |       |     3 |     1 ||     4
       Scimitar          |       |       |     3 ||     3
 Abil: Breathe Steam     |       |       |     3 ||     3
Evoke: Wand              |       |     4 |       ||     4
  Use: Potion            |     1 |       |       ||     1
Armor: Skin              |     5 |       |     1 ||     6
Dodge: Dodged            |     4 |    11 |     2 ||    17
Block: Buckler           |     3 |     4 |       ||     7

Table legend: (Time is in decaauts)
 A = Elapsed time spent in this place.
 B = Non-inter-level travel time spent in this place.
 C = Inter-level travel time spent in this place.
 D = Time resting spent in this place.
 E = Time spent auto-exploring this place.
 F = Levels seen in this place.
 G = Mean time per level.
                   A        B        C        D        E       F      G
               +--------+--------+--------+--------+--------+-----+--------+
         Total |    491 |    491 |      0 |      0 |    339 |   1 |  491.0 |
       Dungeon |    491 |    491 |      0 |      0 |    339 |   1 |  491.0 |
               +--------+--------+--------+--------+--------+-----+--------+

Top non-repeatable levels by time:
       D: 491 daAuts
